 Dungeon Crawl Stone Soup version 0.25-a0-992-gca090100c3 (webtiles) character file.

Game seed: 10046890168861333855, levelgen mode: deterministic

2934 Flugslaktarn the Cleaver (level 9, -6/82 HPs)
             Began as a Minotaur Fighter on May 10, 2020.
             Was a Priest of Uskayaw.
             Mangled by a two-headed ogre
             ... wielding a +0 giant club
              (7 damage)
             ... on level 9 of the Dungeon.
             The game lasted 00:03:51 (5762 turns).

Flugslaktarn the Cleaver (Minotaur Fighter)         Turns: 5762, Time: 00:03:52

Health: -6/82      AC: 13    Str: 20    XL:     9   Next: 51%
Magic:  10/10      EV: 10    Int:  5    God:    Uskayaw [***...]
Gold:   249        SH: 11    Dex: 14    Spells: 8/8 levels left

rFire    . . .     SeeInvis .   v - +0 broad axe
rCold    . . .     Gourm    .   c - +0 kite shield
rNeg     . . .     Faith    .   s - +4 scale mail of the Endless Expanse {Regen+}
rPois    +         Spirit   .   (helmet restricted)
rElec    .         Reflect  .   (no cloak)
rCorr    .         Harm     .   (no gloves)
MR       +....                  a - +0 pair of boots
Stlth    ..........             (no amulet)
HPRegen  0.63/turn              m - ring of protection from magic
MPRegen  0.12/turn              o - ring of poison resistance

@: about to teleport
A: retaliatory headbutt, horns 2
a: Stomp, Line Pass, Renounce Religion


You were on level 9 of the Dungeon.
You worshipped Uskayaw.
Uskayaw was noncommittal.
You were not hungry.

You visited 2 branches of the dungeon, and saw 10 of its levels.

You collected 349 gold pieces.
You spent 100 gold pieces at shops.

Inventory:

Hand Weapons
 l - the +5 rapier "Gevevuitoe" {venom, +Rage rPois MR-}
   (You found it on level 7 of the Dungeon)

   It poisons the flesh of those it strikes.
   It protects you from poison.
   It affects your resistance to hostile enchantments.
   It lets you go berserk.
 v - a +0 broad axe (weapon)
   (You bought it in a shop on level 6 of the Dungeon)
Armour
 a - a +0 pair of boots (worn)
   (You found it on level 8 of the Dungeon)
 c - a +0 kite shield (worn)
 i - a +0 chain mail of cold resistance
   (You found it on level 8 of the Dungeon)
 s - the +4 scale mail of the Endless Expanse (worn) {Regen+}
   (You found it on level 6 of the Dungeon)

   It increases your rate of regeneration.
Jewellery
 m - a ring of protection from magic (left hand)
   (You found it on level 7 of the Dungeon)
 o - a ring of poison resistance (right hand)
   (You found it on level 7 of the Dungeon)
Wands
 b - a wand of iceblast (9)
   (You found it on level 8 of the Dungeon)
Scrolls
 j - a scroll of immolation
 k - 2 scrolls of fog
 p - a scroll of enchant weapon
 q - a scroll of holy word {unknown}
 r - 4 scrolls of identify
 t - 5 scrolls of teleportation
 u - a scroll of blinking {unknown}
 x - 3 scrolls of remove curse
Potions
 d - 3 potions of might
 f - 5 potions of lignification {unknown}
 g - a potion of ambrosia
 h - 2 potions of haste
Comestibles
 e - 12 rations
 n - 5 chunks of flesh


   Skills:
 * Level 8.6 Fighting
 * Level 9.1 Axes
 + Level 7.2 Armour
 + Level 4.0 Dodging
 + Level 7.2 Shields
 + Level 2.8 Invocations


You had 8 spell levels left.
You didn't know any spells.
Your spell library was empty.

Dungeon Overview and Level Annotations

Branches:
Dungeon (9/15)             Temple (1/1) D:7
   Lair: D:8-11         Orc: D:9-12

Altars:
Ashenzari
Dithmenos
Elyvilon
Fedhas
Gozag
Hepliaklqana
Kikubaaqudgha
Makhleb
Nemelex Xobeh
Okawaru
Qazlal
Ru
Sif Muna
Trog
Uskayaw
Vehumet
Xom
Yredelemnul
Zin
The Shining One

Shops:
D:4 (   D:5 !   D:6 (   D:7 =


Innate Abilities, Weirdness & Mutations

You reflexively headbutt those who attack you in melee.
You have a pair of horns on your head.


Message History

You are too injured to fight recklessly!
Okay, then.
Okay, then.
Unknown command.
You feel much better. You block the death yak's attack.
As you read the scroll of teleportation, it crumbles to dust.
You feel strangely unstable. You block the death yak's attack.
You hit the death yak.
The death yak is lightly wounded.
You slash the death yak! The death yak gores you!
* * * LOW HITPOINT WARNING * * *
Your shield and scale mail of the Endless Expanse prevent you from hitting the death yak.
The death yak is moderately wounded.
You slash the death yak! You barely miss the two-headed ogre.
The death yak gores you!!
* * * LOW HITPOINT WARNING * * *
You block the death yak's attack.
The two-headed ogre hits you but does no damage.
The two-headed ogre hits you with a +0 giant club!
You die...

...#{#. #......
####....# #......
.....YYY####### #......
......hl.....(###......
......oO.Y.............
.....####Y#............
.... #..Y.#............
... #YO..#......####..
.. #@YY.#......# .. .
######......# ..
........# . .........#
.........# #########


You could see 6 death yaks and a two-headed ogre.

Vanquished Creatures
  A kobold demonologist (D:9)
  2 hippogriffs (D:7)
  Eustachio (D:4)
  2 water moccasins
  A phantom (D:8)
  4 ogres
  2 centaurs (D:7)
  A big kobold (D:6)
  4 bullfrogs
  A wyvern skeleton (D:8)
  A scorpion (D:4)
  5 killer bees (D:8)
  3 howler monkeys
  A crimson imp (D:7)
  A quasit (D:7)
  3 hounds
  A jelly (D:7)
  An orc priest (D:7)
  An orc wizard (D:9)
  An iguana (D:6)
  Natasha (twice) (D:4)
  6 worker ants
  A hound zombie (D:9)
  A hound skeleton (D:7)
  Robin (D:4)
  6 adders
  A shadow imp (D:9)
  2 oozes
  An adder zombie (D:5)
  An adder skeleton (D:4)
  2 worms
  A dart slug (D:2)
  4 leopard geckos
  14 orcs
  4 giant cockroaches
  15 goblins
  A hobgoblin (D:6)
  10 kobolds
  3 quokkas
  3 ball pythons
  A frilled lizard (D:2)
  A jackal zombie (D:5)
  A leopard gecko skeleton (D:4)
  2 quokka skeletons
  3 rats
124 creatures vanquished.

Notes
Turn   | Place    | Note
-------+----------+-------------------------------------------
     0 | D:1      | Flugslaktarn the Minotaur Fighter began the quest for the
                  | Orb.
     0 | D:1      | Reached XP level 1. HP: 19/19 MP: 0/0
   182 | D:2      | Reached XP level 2. HP: 27/27 MP: 1/1
   185 | D:2      | Reached skill level 3 in Axes
   422 | D:3      | Reached XP level 3. HP: 33/33 MP: 2/2
   437 | D:3      | Noticed an ice beast
   615 | D:4      | Noticed a scorpion
   618 | D:4      | Noticed Eustachio
   625 | D:4      | Killed a scorpion
   625 | D:4      | Reached skill level 4 in Axes
   625 | D:4      | Reached XP level 4. HP: 26/41 MP: 3/3
   642 | D:5      | Entered Level 5 of the Dungeon
   978 | D:4      | Killed Eustachio
   978 | D:4      | Reached skill level 5 in Axes
   978 | D:4      | Reached XP level 5. HP: 14/47 MP: 4/4
  1232 | D:4      | Noticed Robin
  1260 | D:4      | Killed Robin
  1260 | D:4      | Reached XP level 6. HP: 21/55 MP: 5/5
  1474 | D:4      | Found Cigypab's Antique Weapon Shop.
  1593 | D:4      | Noticed Natasha
  1597 | D:4      | Killed Natasha
  1646 | D:4      | Noticed Natasha
  1657 | D:4      | Killed Natasha
  1657 | D:4      | Reached skill level 5 in Armour
  1657 | D:4      | Reached skill level 5 in Shields
  1757 | D:4      | Reached skill level 5 in Fighting
  2137 | D:5      | You fall into a shaft and drop 1 floor!
  2222 | D:6      | Got a pitted scale mail
  2233 | D:6      | Identified the +4 scale mail of the Endless Expanse
                  | {Regen+} (You found it on level 6 of the Dungeon)
  2334 | D:6      | Reached skill level 6 in Axes
  2334 | D:6      | Reached XP level 7. HP: 58/61 MP: 6/6
  2474 | D:6      | Found Bonof's Antique Weapon Shoppe.
  2486 | D:6      | Bought a broad axe for 100 gold pieces
  2746 | D:7      | Reached skill level 1 in Dodging
  2883 | D:5      | Found Roshropp's Distillery.
  3032 | D:5      | Reached skill level 7 in Axes
  3077 | D:5      | Reached XP level 8. HP: 71/71 MP: 7/7
  3302 | D:5      | Found a basalt altar of Yredelemnul.
  3410 | D:7      | Found a blossoming altar of Fedhas.
  3410 | D:7      | Found an ancient bone altar of Kikubaaqudgha.
  3437 | D:7      | Found a staircase to the Ecumenical Temple.
  3465 | Temple   | Entered the Ecumenical Temple
  3650 | Temple   | Became a worshipper of Uskayaw the Reveler
  3697 | D:7      | Found Ysog's Jewellery Shoppe.
  3723 | D:7      | Found a sacrificial altar of Ru.
  3730 | D:7      | Found a sparkling altar of Nemelex Xobeh.
  3735 | D:7      | Noticed a hippogriff
  3735 | D:7      | Reached * piety under Uskayaw
  3737 | D:7      | Reached ** piety under Uskayaw
  3740 | D:7      | Reached *** piety under Uskayaw
  3742 | D:7      | Reached **** piety under Uskayaw
  3743 | D:7      | Killed a hippogriff
  3775 | D:7      | Noticed a hippogriff
  3784 | D:7      | Killed a hippogriff
  3784 | D:7      | Reached skill level 8 in Axes
  3784 | D:7      | Reached skill level 1 in Invocations
  4303 | D:7      | Got a polished rapier
  4304 | D:7      | Identified the +5 rapier "Gevevuitoe" {venom, +Rage rPois
                  | MR-} (You found it on level 7 of the Dungeon)
  4450 | D:8      | Reached XP level 9. HP: 80/80 MP: 9/9
  4483 | D:8      | Reached ***** piety under Uskayaw
  5370 | D:9      | Noticed a kobold demonologist
  5371 | D:9      | Noticed an ice devil
  5372 | D:9      | Noticed a red devil
  5382 | D:9      | Noticed a hellwing
  5499 | D:9      | Noticed an ice devil
  5499 | D:9      | Killed a kobold demonologist
  5499 | D:9      | Reached skill level 9 in Axes
  5528 | D:9      | Found a shadowy altar of Dithmenos.
  5744 | D:9      | Noticed a death yak
  5744 | D:9      | Noticed a death yak
  5744 | D:9      | Noticed a death yak
  5744 | D:9      | Noticed a death yak
  5745 | D:9      | Noticed a two-headed ogre
  5747 | D:9      | Noticed a death yak
  5747 | D:9      | Noticed a death yak
  5748 | D:9      | Noticed a death yak
  5762 | D:9      | HP: 1/82 [death yak (21)]
  5762 | D:9      | Mangled by a two-headed ogre

Illustrated notes

Levels and vault maps discovered:
D:1:      wander_arrival_chamber, layout_loops_ring
D:2:      layout_basic, first_ration, uniq_jessica
D:3:      layout_basic, gammafunk_temple_overflow_elements, uniq_grinder
D:4:      layout_rooms, serial_shops, shop_fountains,
          cheibrodos_sewer_entry_bend, uniq_robin, uniq_natasha, uniq_eustachio
D:5:      layout_loops_ring, marbit_many_paths, serial_shops, shop
D:6:      cheibrodos_thug_alley, layout_cave_pools, serial_shops, shop
D:7:      layout_basic, grunt_temple_overflow_growth_and_decay,
          grunt_temple_overflow_open, minmay_temple_entry_wispy, serial_shops,
          nicolae_shop_stone, minmay_starry_boxes
D:8:      layout_basic, serial_rivers, chequers_serial_rivers_room_a,
          chequers_serial_rivers_small_3, chequers_serial_rivers_marsh,
          chequers_serial_rivers_micro_a, chequers_serial_rivers_micro_e,
          chequers_serial_rivers_small_a
D:9:      layout_irregular_city, lemuel_doored_altar, dpeg_lair_monsters,
          blue_anna_alchemist [blue_anna_fruit_fields, blue_anna_fruit_fields]
Temple:   eino_narrow_crystal_temple

Skill      XL: |  1  2  3  4  5  6  7  8  9 |
---------------+----------------------------+-----
Axes           | 3 4 5 6 7 8 9 |  9.1
Fighting       | 4 5 6 7 8 |  8.6
Armour         | 4 5 6 7 |  7.2
Shields        | 4 5 6 7 |  7.2
Dodging        | 1 3 4 |  4.0
Invocations    | 1 2 |  2.8

Action                   |  1- 3 |  4- 6 |  7- 9 || total
-------------------------+-------+-------+-------++-------
Melee: War axe           |    59 |   109 |    13 ||   181
       Headbutt          |     9 |    20 |    47 ||    76
       Broad axe         |       |       |   208 ||   208
  Use: Potion            |       |     2 |     1 ||     3
       Scroll            |       |       |    14 ||    14
 Stab: Paralysed         |       |       |     6 ||     6
  Eat: Chunk             |       |     5 |     8 ||    13
       Ration            |       |       |     1 ||     1
Armor: Scale mail        |    19 |     7 |   102 ||   128
       Chain mail        |     3 |    53 |       ||    56
Dodge: Dodged            |    15 |    36 |    79 ||   130
Block: Kite shield       |    29 |    66 |   130 ||   225

Table legend:
 A = Non-vault XP
 B = Vault XP
 C = Vault XP percentage of total XP
 D = Non-vault monster count
 E = Vault monster count
 F = Vault count percentage of total count
                 A         B        C        D         E       F
            +---------+---------+-------+---------+---------+-------
      Total |    3776 |     416 |   9.9 |      98 |      26 |  21.0
            +---------+---------+-------+---------+---------+-------
        D:1 |       2 |       0 |   0.0 |       1 |       0 |   0.0
        D:2 |      29 |       0 |   0.0 |      14 |       0 |   0.0
        D:3 |      19 |       0 |   0.0 |       5 |       0 |   0.0
        D:4 |     162 |     264 |  62.0 |      12 |      15 |  55.6
        D:5 |     392 |       0 |   0.0 |      14 |       0 |   0.0
        D:6 |     362 |     112 |  23.6 |      11 |      10 |  47.6
        D:7 |    1157 |      40 |   3.3 |      15 |       1 |   6.2
        D:8 |     975 |       0 |   0.0 |      17 |       0 |   0.0
        D:9 |     678 |       0 |   0.0 |       9 |       0 |   0.0
            +---------+---------+-------+---------+---------+-------
